 Dungeon Crawl Stone Soup version 0.30-a0-634-g8abc85282e (webtiles) character file.

Game seed: 1005143152752006525

99 porpoise the Chopper (level 5, -3/42 HPs)
             Began as a Formicid Monk on Jan 15, 2023.
             Slain by a gnoll
             ... wielding a +0 spear
              (7 damage)
             ... on level 3 of the Dungeon.
             The game lasted 00:10:01 (2035 turns).

porpoise the Chopper (Formicid Monk)                Turns: 2035, Time: 00:10:02

Health: -3/42      AC:  5    Str: 18    XL:     5   Next: 2%
Magic:  5/5        EV: 11    Int:  9    God:
Gold:   43         SH:  0    Dex: 16    Spells: 4/4 levels left

rFire   . . .      SeeInvis +    a - +1 hand axe (heavy)
rCold   . . .      Faith    .    (no shield)
rNeg    . . .      Spirit   .    d - +0 ring mail
rPois   .          Reflect  .    (helmet unavailable)
rElec   .          Harm     .    (no cloak)
rCorr   +          Rampage  .    (no gloves)
Will    .....                    (no boots)
Stlth   ++                       (no amulet)
HPRegen 0.27/turn                b - ring of resist corrosion
MPRegen 0.09/turn                (no ring)

@: no status effects
A: permanent stasis, dig shafts and tunnels, antennae 3, four strong arms
a: Dig, Shaft Self


You were on level 3 of the Dungeon.
You visited 1 branch of the dungeon, and saw 3 of its levels.

You collected 56 gold pieces.
You spent 13 gold pieces at shops.

Inventory:

Hand Weapons
 a - a +1 heavy hand axe (weapon)
 o - a +0 hand axe
Armour
 d - a +0 ring mail (worn)
Jewellery
 b - a ring of resist corrosion (left hand)
Scrolls
 f - a scroll of noise
 h - a scroll of silence {unknown}
 i - a scroll of enchant weapon {unknown}
 j - a scroll of enchant armour {unknown}
 n - a scroll of teleportation {unknown}
Potions
 c - 2 potions of ambrosia
 e - a potion of lignification
 k - 3 potions of mutation


   Skills:
 + Level 4.2 Fighting
 * Level 4.7 Axes
 - Level 2.6 Dodging
 - Level 2.4 Stealth


You had 4 spell levels left.
You didn't know any spells.
Your spell library was empty.

Dungeon Overview and Level Annotations

Branches:
Dungeon (3/15)

Altars:
Gozag

Shops:
D:2 !

Annotations:
D:3 Ijyb


Innate Abilities, Weirdness & Mutations

You cannot be hasted, slowed, berserked, paralysed or teleported.
You can dig through walls and to a lower floor.
You have a pair of large antennae on your head. (SInv)
Your four strong arms can wield two-handed weapons with a shield.


Message History

The gnoll hits you from afar with a +0 spear.
* * * LOW HITPOINT WARNING * * *
The gnoll barely misses you.
Ijyb zaps a wand.
Your will is overpowered!
You are confused.
The gnoll hits you but does no damage. Ijyb hits you but does no damage.
Things that are here:
a +0 club; a gnoll corpse Ijyb attacks as you move away!
Ijyb closely misses you.
Things that are here:
a +0 dagger; a +0 ring mail; an orc corpse You closely miss Ijyb.
Ijyb is severely wounded.
The gnoll misses you. Ijyb hits you but does no damage.
You're too confused to move!
The gnoll hits you but does no damage.
Ijyb zaps a wand.
Your will is overpowered!
You are more confused.
The now-empty wand crumbles to dust.
The gnoll hits you with a +0 club.
* * * LOW HITPOINT WARNING * * *
You hit Ijyb but do no damage.
Ijyb is severely wounded.
You slash the gnoll! Ijyb barely misses you. The gnoll barely misses you.
The gnoll hits you with a +0 club.
* * * LOW HITPOINT WARNING * * *
The gnoll misses you. The gnoll hits you with a +0 club.
* * * LOW HITPOINT WARNING * * *
Ijyb closely misses you.
You feel better. The gnoll misses you.
Ijyb hits you with a +1 vampiric dagger.
* * * LOW HITPOINT WARNING * * *
The gnoll closely misses you.
Ijyb hits you with a +1 vampiric dagger.
* * * LOW HITPOINT WARNING * * *
Ijyb draws strength from your wounds!
You hit Ijyb.
Ijyb is severely wounded.
You closely miss the gnoll. You hit the gnoll.
Ijyb hits you with a +1 vampiric dagger.
* * * LOW HITPOINT WARNING * * *
Ijyb draws strength from your wounds! The gnoll hits you with a +0 spear!
You die...

######### #.......#
. #....)<.# #####
..#....)).####8_8#
............##...#
...
.#........#..#...#
...
##.......#####.##
#..
####..######†g.#
#.# #........)g@#
.#..
#.#######.$g.......
.... #.
#............ .##.
.. #.#.........#
..#. ...
...........#.# ..
... ..............#
#. #...
.....#...#####..
.##. >...##..## #.
.... .#..


You could see Ijyb and 2 gnolls.

Vanquished Creatures
  2 adders
  A gnoll (D:3)
  A worm (D:2)
  A dart slug (D:1)
  5 orcs (D:3)
  3 bats
  6 endoplasms
  4 giant cockroaches
  4 goblins
  5 hobgoblins
  2 jackals (D:1)
  6 ball pythons
  A frilled lizard (D:1)
  5 kobolds
  9 rats
55 creatures vanquished.

Notes
Turn   | Place    | Note
-------+----------+-------------------------------------------
     0 | D:1      | porpoise the Formicid Monk began the quest for the Orb.
     0 | D:1      | Reached XP level 1. HP: 18/18 MP: 1/1
   181 | D:1      | Reached XP level 2. HP: 12/24 MP: 2/2
   478 | D:1      | Reached XP level 3. HP: 27/30 MP: 3/3
  1017 | D:2      | Found a faded altar of an unknown god.
  1330 | D:2      | You fall into a shaft and drop 1 floor!
  1366 | D:3      | Reached XP level 4. HP: 32/37 MP: 4/4
  1544 | D:2      | Found Nipate's Distillery.
  1553 | D:2      | Bought a potion of degeneration for 13 gold pieces
  1992 | D:3      | Found an opulent altar of Gozag.
  2010 | D:3      | Noticed Ijyb
  2027 | D:3      | Reached XP level 5. HP: 10/42 MP: 5/5
  2032 | D:3      | HP: 1/42 [gnoll/+0 club (4)]
  2035 | D:3      | Slain by a gnoll

Illustrated notes

Levels and vault maps discovered:
D:1:      psy_arrival_radial02, layout_basic
D:2:      layout_basic, nicolae_ecumenical_oubliette, serial_shops,
          nicolae_lakefront_shop
D:3:      layout_rooms, gammafunk_temple_overflow_claw, grunt_gozag_breadcrumbs,
          minmay_fractal_squares_5, uniq_robin, uniq_ijyb

Skill      XL: |  1  2  3  4 |
---------------+-------------+-----
Axes           | 4 |  4.7
Fighting       | 4 |  4.2
Dodging        | |  2.6
Stealth        | |  2.4

Action                   |  1- 3 |  4- 6 || total
-------------------------+-------+-------++-------
Melee: Hand axe          |   113 |    68 ||   181
  Use: Scroll            |       |     5 ||     5
       Potion            |       |     2 ||     2
 Stab: Sleeping          |     2 |     1 ||     3
Armor: Ring mail         |    37 |    28 ||    65
Dodge: Dodged            |    52 |    49 ||   101

Table legend: (Time is in decaauts)
 A = Elapsed time spent in this place.
 B = Non-inter-level travel time spent in this place.
 C = Inter-level travel time spent in this place.
 D = Time resting spent in this place.
 E = Time spent auto-exploring this place.
 F = Levels seen in this place.
 G = Mean time per level.
                   A        B        C        D        E       F      G
               +--------+--------+--------+--------+--------+-----+--------+
         Total |   2059 |   1968 |     91 |    322 |   1055 |   3 |  686.3 |
       Dungeon |   2059 |   1968 |     91 |    322 |   1055 |   3 |  686.3 |
               +--------+--------+--------+--------+--------+-----+--------+

Top non-repeatable levels by time:
     D:1: 1066 daAuts
     D:2: 745 daAuts
     D:3: 247 daAuts
